[Event "Titled Tuesday Blitz August 31 2021"]
[White "Wagner, Dinara"]
[Black "Csonka, Balazs"]
[WhiteFideId "24157570"]
[BlackFideId "742910"]
[WhiteElo "2260"]
[BlackElo "2404"]
[Result "0-1"]
[Round "08"]
[TimeControl "180+1"]
[Date "2021.08.31"]
[WhiteClock "0:00:07"]
[BlackClock "0:00:20"]

1. d4 d5 2. c4 e6 3. Nf3 a6 4. g3 dxc4 5. Bg2 b5 6. O-O Bb7 7. b3 cxb3 8. Qxb3 Nf6 9. Rd1 Bd5 10. Qb2 Nbd7 11. Nc3 c6 12. Qc2 Bb4 13. Nxd5 cxd5 14. a4 Bd6 15. Qc6 Ke7 16. axb5 axb5 17. Rxa8 Qxa8 18. Qxb5 Rc8 19. Bg5 h6 20. Bxf6+ Nxf6 21. Rb1 Ne4 22. Qb7+ Qxb7 23. Rxb7+ Kf6 24. Rb1 Rc2 25. Bf1 g5 26. Ne1 Ra2 27. Nd3 h5 28. Rd1 Nc3 29. Rc1 Nxe2+ 30. Bxe2 Rxe2 31. Rd1 Ra2 32. Kg2 Ra4 33. Nb2 Rb4 34. Rd2 Bc7 35. Nd1 Bb6 36. Rd3 Rxd4 37. Rf3+ Ke7 38. Nc3 Rd2 39. h3 f5 40. g4 hxg4 41. hxg4 fxg4 42. Rg3 Bxf2 43. Kh1 Bxg3 44. Nxd5+ exd5 0-1


[Site "https://www.chess.com"]

[Event "Titled Tuesday Blitz August 31 2021"]
[White "Dzagnidze, Nana"]
[Black "Costachi, Mihnea"]
[WhiteFideId "13601903"]
[BlackFideId "1217518"]
[WhiteElo "2601"]
[BlackElo "2741"]
[Result "1-0"]
[Round "08"]
[TimeControl "180+1"]
[Date "2021.08.31"]
[WhiteClock "0:00:35"]
[BlackClock "0:00:49"]

1. d4 Nf6 2. c4 g6 3. Nc3 Bg7 4. Nf3 O-O 5. g3 d6 6. Bg2 Nc6 7. O-O Bf5 8. Nh4 Bd7 9. f4 e5 10. fxe5 dxe5 11. d5 Ne7 12. Bg5 Ne8 13. e4 f6 14. Be3 Nd6 15. c5 Nc4 16. Bf2 Kh8 17. b3 Na5 18. Qe2 g5 19. Nf3 b5 20. c6 b4 21. Na4 Naxc6 22. dxc6 Bxc6 23. Rfd1 Qe8 24. Rac1 Ng6 25. Qc4 Bxa4 26. bxa4 Rf7 27. Qxb4 g4 28. Ne1 Rb8 29. Qc4 Bh6 30. Rb1 Rxb1 31. Rxb1 f5 32. exf5 Rxf5 33. Be4 Rf6 34. Nd3 Ne7 35. Nxe5 Bg7 36. Nxg4 Rd6 37. Qc2 Qh5 38. Rb8+ Ng8 39. Qc4 Rd1+ 40. Kg2 Qe8 41. Rxe8 1-0


[Site "https://www.chess.com"]

[Event "Titled Tuesday Blitz August 31 2021"]
[White "Eljanov, Pavel"]
[Black "Andreikin, Dmitry"]
[WhiteFideId "14102951"]
[BlackFideId "4158814"]
[WhiteElo "2602"]
[BlackElo "2782"]
[Result "0-1"]
[Round "08"]
[TimeControl "180+1"]
[Date "2021.08.31"]
[WhiteClock "0:00:56"]
[BlackClock "0:00:14"]

1. Nf3 Nf6 2. g3 b5 3. Bg2 Bb7 4. O-O e6 5. d3 c5 6. e4 d6 7. Re1 Nbd7 8. c3 Be7 9. Nbd2 O-O 10. d4 cxd4 11. cxd4 Qb6 12. b3 a5 13. a3 Rfc8 14. Bb2 d5 15. e5 Ne8 16. Bf1 b4 17. a4 Ba6 18. h4 Bxf1 19. Nxf1 Rc7 20. Rc1 Rac8 21. h5 h6 22. Ne3 Nf8 23. Nh2 Rc6 24. f4 Nh7 25. Nf3 Qc7 26. Qd3 Nf8 27. Kg2 Qb7 28. f5 Rxc1 29. Bxc1 Rc3 30. Qd1 exf5 31. Nxf5 Ne6 32. Bd2 Rc7 33. Qb1 Bf8 34. Qd3 Qc8 35. g4 Rc2 36. Kg3 Rb2 37. Rc1 Qb8 38. Rc2 Rxc2 39. Qxc2 Nf6 40. Qc6 Ne4+ 41. Kg2 Nxd2 42. Nxd2 Qd8 43. Nf3 Be7 44. Qxd5 Nf4+ 0-1


[Site "https://www.chess.com"]

[Event "Titled Tuesday Blitz August 31 2021"]
[White "Erdogdu, Mert"]
[Black "Dong, Bao Nghia"]
[WhiteFideId "6301495"]
[BlackFideId "12400343"]
[WhiteElo "2718"]
[BlackElo "2605"]
[Result "1-0"]
[Round "08"]
[TimeControl "180+1"]
[Date "2021.08.31"]
[WhiteClock "0:00:56"]
[BlackClock "0:00:45"]

1. e4 e6 2. d4 d5 3. exd5 exd5 4. c4 c6 5. Nc3 Nf6 6. Nf3 Be7 7. Bd3 h6 8. O-O Bg4 9. h3 Bh5 10. g4 Nxg4 11. hxg4 Bxg4 12. Re1 O-O 13. Bf4 Nd7 14. cxd5 Bb4 15. dxc6 bxc6 16. Bg3 Nf6 17. Be2 Bxc3 18. bxc3 Ne4 19. Qd3 Bf5 20. Qe3 Re8 21. Ne5 f6 22. Nxc6 Qc8 23. d5 Bg6 24. Qf4 Nxc3 25. Bf3 Qa6 26. Re7 Be4 27. Re1 f5 28. Bxe4 fxe4 29. Qf7+ 1-0


[Site "https://www.chess.com"]

[Event "Titled Tuesday Blitz August 31 2021"]
[White "Eswaran, Ashritha"]
[Black "Florescu, Codrut-Constantin"]
[WhiteFideId "2080788"]
[BlackFideId "1202200"]
[WhiteElo "2450"]
[BlackElo "2243"]
[Result "1-0"]
[Round "08"]
[TimeControl "180+1"]
[Date "2021.08.31"]
[WhiteClock "0:00:24"]
[BlackClock "0:00:06"]

1. e4 c5 2. Nf3 e6 3. d4 cxd4 4. Nxd4 Nf6 5. Nc3 d6 6. g3 a6 7. Bg2 Nc6 8. O-O Bd7 9. Nb3 Be7 10. f4 Qc7 11. Kh1 O-O 12. Be3 b5 13. a3 Rab8 14. g4 Rfc8 15. g5 Ne8 16. f5 Bf8 17. g6 hxg6 18. fxg6 fxg6 19. Qf3 Nf6 20. Qg3 Ne5 21. Bd4 Be8 22. Bh3 Bf7 23. Nd2 a5 24. Nf3 Nh5 25. Qf2 Nxf3 26. Qxf3 b4 27. axb4 axb4 28. Ra7 Rb7 29. Nd5 Qb8 30. Rxb7 Qxb7 31. Ne3 Rc7 32. Bxe6 Bxe6 33. Qxf8+ Kh7 34. Qf3 Rf7 35. Qg2 Rxf1+ 36. Nxf1 d5 37. e5 Bf5 38. Qe2 Nf4 39. Qe3 Be4+ 40. Kg1 g5 41. e6 Nxe6 42. Qh3+ Kg8 43. Qxe6+ Kh7 44. Qh3+ Kg6 45. Ne3 Qc6 46. Qh8 Qd7 47. Qf8 b3 48. c3 Qc7 49. Qe8+ Kh6 50. Qe5 Qd7 51. Kf2 Qh3 52. Qxg7+ Kh5 53. Qh8+ Kg6 54. Qxh3 1-0


[Site "https://www.chess.com"]

[Event "Titled Tuesday Blitz August 31 2021"]
[White "Gabdushev, Ruslan"]
[Black "Tanenbaum, Zachary"]
[WhiteFideId "4137833"]
[BlackFideId "2060850"]
[WhiteElo "2312"]
[BlackElo "2165"]
[Result "0-1"]
[Round "08"]
[TimeControl "180+1"]
[Date "2021.08.31"]
[WhiteClock "0:01:43"]
[BlackClock "0:02:14"]

1. c4 e5 2. Nc3 Nc6 3. e4 Nf6 4. g3 Bc5 5. Bg2 d6 6. h3 h5 7. d3 a6 8. Nge2 h4 9. g4 Bxg4 10. hxg4 Nxg4 11. Rf1 h3 12. Bf3 Nxf2 13. Qb3 Nxd3+ 14. Kd2 Ncb4 15. Nd5 Qg5+ 16. Kc3 Bd4+ 17. Nxd4 exd4+ 18. Kxd4 Nxc1 19. Qxb4 c5+ 0-1


[Site "https://www.chess.com"]

[Event "Titled Tuesday Blitz August 31 2021"]
[White "Gelman, Alexander"]
[Black "Gunina, Valentina"]
[WhiteFideId "4118316"]
[BlackFideId "4167570"]
[WhiteElo "2375"]
[BlackElo "2399"]
[Result "0-1"]
[Round "08"]
[TimeControl "180+1"]
[Date "2021.08.31"]
[WhiteClock "0:00:02"]
[BlackClock "0:00:19"]

1. d4 d5 2. Nc3 Nf6 3. Bf4 e6 4. Nb5 Na6 5. e3 Be7 6. g4 c6 7. Nc3 c5 8. g5 Nd7 9. h4 c4 10. Nf3 b5 11. a3 Bb7 12. Nxb5 Qb6 13. a4 Bc6 14. c3 O-O 15. b3 Qa5 16. b4 Nxb4 17. cxb4 Bxb4+ 18. Ke2 a6 19. Na3 Bxa4 20. Qc1 Rfc8 21. Ne5 Nxe5 22. Bxe5 c3 23. Kf3 c2 24. Bd3 Bd2 25. Qb2 Bc3 26. Qa2 Bxa1 27. Qxa1 Qd2 28. Bxc2 Bxc2 29. Nxc2 Rxc2 30. Bg3 Qd3 31. Kg2 Qxe3 32. Qa4 Qe4+ 33. Kh2 Rc4 34. Qd7 Qxd4 35. Rb1 Rf8 0-1


[Site "https://www.chess.com"]

[Event "Titled Tuesday Blitz August 31 2021"]
[White "Girinath, P.D.S."]
[Black "Yordanov, Nikolay Plamenov"]
[WhiteFideId "5000572"]
[BlackFideId "2907445"]
[WhiteElo "2333"]
[BlackElo "2248"]
[Result "0-1"]
[Round "08"]
[TimeControl "180+1"]
[Date "2021.08.31"]
[WhiteClock "0:00:01"]
[BlackClock "0:01:19"]

1. e4 c5 2. Nf3 Nc6 3. Bb5 e6 4. O-O Nge7 5. b3 a6 6. Bxc6 Nxc6 7. Bb2 d6 8. c4 e5 9. Nc3 Be7 10. Nd5 O-O 11. Ne1 f5 12. exf5 Bxf5 13. d3 Be6 14. Nxe7+ Qxe7 15. Nc2 Rf6 16. Bc1 Rg6 17. Kh1 Rf8 18. f4 Nd4 19. Nxd4 cxd4 20. fxe5 dxe5 21. Bd2 Bd7 22. Rxf8+ Qxf8 23. Qe2 Bc6 24. Rg1 Qf5 25. Be1 h6 26. b4 e4 27. dxe4 Bxe4 28. Qf2 Qe5 29. Bd2 Rf6 30. Qe2 Rg6 31. Qf2 Rg4 32. h3 Rg3 33. Rf1 Rxh3+ 34. Kg1 Qh2# 0-1


[Site "https://www.chess.com"]

[Event "Titled Tuesday Blitz August 31 2021"]
[White "Goltsev, Dmitry"]
[Black "Pert, Richard G"]
[WhiteFideId "24176710"]
[BlackFideId "404748"]
[WhiteElo "2369"]
[BlackElo "2441"]
[Result "1-0"]
[Round "08"]
[TimeControl "180+1"]
[Date "2021.08.31"]
[WhiteClock "0:00:39"]
[BlackClock "0:00:01"]

1. e4 d5 2. exd5 Nf6 3. Nf3 Bg4 4. Be2 Nxd5 5. h3 Bf5 6. d4 e6 7. O-O Be7 8. c4 Nf6 9. Nc3 O-O 10. Bf4 Nc6 11. a3 h6 12. Qd2 Bd6 13. Rfd1 Ne4 14. Nxe4 Bxe4 15. Qe3 Bh7 16. d5 exd5 17. Rxd5 Re8 18. Qd2 Bxf4 19. Qxf4 Qe7 20. Bf1 Rad8 21. Re1 Qf8 22. Qxc7 Rxe1 23. Nxe1 Rc8 24. Qxb7 Be4 25. Rd1 Rb8 26. Qc7 Rxb2 27. Bd3 Qe8 28. Qd6 Bxd3 29. Nxd3 Re2 30. c5 g6 31. Kh2 h5 32. Nf4 Rxf2 33. Nxh5 Qe5+ 34. Qxe5 Nxe5 35. Ng3 Rc2 36. Ne4 f5 37. Nf6+ Kf7 38. Nd7 Nf3+ 39. Kg3 Ng5 40. c6 Ne4+ 41. Kf4 Ke6 42. Nb8 Rxg2 43. Rc1 g5+ 44. Ke3 Rg3+ 45. Kd4 Rxa3 46. c7 Ra4+ 47. Kd3 Ra3+ 48. Ke2 Ra2+ 49. Ke1 Nd6 50. Rc6 Ra1+ 51. Kd2 Ra2+ 52. Kc1 Ra5 53. c8=Q+ 1-0


[Site "https://www.chess.com"]

[Event "Titled Tuesday Blitz August 31 2021"]
[White "Gubanov, Oleg"]
[Black "Goryachkina, Aleksandra"]
[WhiteFideId "14115115"]
[BlackFideId "4147103"]
[WhiteElo "2138"]
[BlackElo "2441"]
[Result "0-1"]
[Round "08"]
[TimeControl "180+1"]
[Date "2021.08.31"]
[WhiteClock "0:00:06"]
[BlackClock "0:00:11"]

1. e4 c5 2. Nf3 Nc6 3. c3 Nf6 4. e5 Nd5 5. d4 cxd4 6. cxd4 d6 7. Nc3 e6 8. Nxd5 exd5 9. Bd3 Bg4 10. O-O Be7 11. h3 Bh5 12. e6 fxe6 13. g4 Bf7 14. Re1 O-O 15. Kg2 Rc8 16. a3 Qd7 17. Bd2 Bf6 18. Bc3 h6 19. Bc2 Kh8 20. Qd3 Bg8 21. Re2 e5 22. dxe5 dxe5 23. Nxe5 Nxe5 24. Bxe5 Bxe5 25. Rxe5 d4 26. Kg1 Qc6 27. Re2 Rf3 28. Qxd4 Rxh3 29. Be4 Qc7 30. Bg2 Qh2+ 31. Kf1 Bc4 32. Qe4 Rb3 33. Rd1 Rxb2 34. Qxc4 Rxc4 35. Rxb2 b6 36. Rd8+ Kh7 37. Rb1 Rxg4 38. Bf3 Rg1+ 39. Ke2 Qe5+ 40. Kd3 Rxb1 41. Be4+ g6 0-1


[Site "https://www.chess.com"]

[Event "Titled Tuesday Blitz August 31 2021"]
[White "Gutenev, Alexander"]
[Black "Martin Duque, Jesus"]
[WhiteFideId "4195540"]
[BlackFideId "2208954"]
[WhiteElo "2680"]
[BlackElo "2423"]
[Result "1/2-1/2"]
[Round "08"]
[TimeControl "180+1"]
[Date "2021.08.31"]
[WhiteClock "0:00:19"]
[BlackClock "0:00:11"]

1. e4 c5 2. Nf3 e6 3. d4 cxd4 4. Nxd4 Nc6 5. Nc3 Qc7 6. Be2 a6 7. O-O Nf6 8. Be3 Be7 9. f4 d6 10. Qe1 O-O 11. Kh1 Nxd4 12. Bxd4 b5 13. a3 Bb7 14. Qg3 Rfe8 15. Rae1 Rad8 16. Bd3 Qd7 17. Nd1 Nh5 18. Qg4 e5 19. Qxd7 Rxd7 20. fxe5 dxe5 21. Be3 Nf6 22. Nc3 Rc8 23. Bg5 h6 24. Bh4 Nxe4 25. Bxe7 Nxc3 26. Rxe5 Re8 27. Bf6 Rxe5 28. Bxe5 Nd5 29. Re1 Re7 30. Kg1 f6 31. Bg3 Kf7 32. Rxe7+ Kxe7 33. Kf2 Bc6 34. c4 bxc4 35. Bxc4 a5 36. h4 Nb6 37. Bd3 Ke6 38. Bc7 Na4 39. b3 Nc5 40. Bc4+ Bd5 41. Bxd5+ Kxd5 42. Bxa5 Nxb3 43. Bc3 Nc5 44. Ke3 Nd7 45. h5 Nc5 46. g4 Ne6 47. a4 Kc4 48. Ba1 Kb4 49. Ke4 Kxa4 50. Kf5 Nf8 51. Bd4 Kb5 52. Bb2 Kc6 53. Bxf6 gxf6 54. Kxf6 Kd7 55. Kg7 Ke7 56. Kxh6 Kf7 57. g5 Ne6 58. g6+ Kg8 59. g7 Nxg7 60. Kg6 Nxh5 1/2-1/2


[Site "https://www.chess.com"]

[Event "Titled Tuesday Blitz August 31 2021"]
[White "Hansen, Eric"]
[Black "Indjic, Aleksandar"]
[WhiteFideId "2606771"]
[BlackFideId "911925"]
[WhiteElo "2568"]
[BlackElo "2643"]
[Result "0-1"]
[Round "08"]
[TimeControl "180+1"]
[Date "2021.08.31"]
[WhiteClock "0:00:01"]
[BlackClock "0:00:28"]

1. e4 e5 2. Nf3 Nf6 3. Nxe5 d6 4. Nf3 Nxe4 5. d4 d5 6. Bd3 Bd6 7. O-O O-O 8. Nc3 Nxc3 9. bxc3 Bg4 10. h3 Bh5 11. Rb1 Nd7 12. c4 dxc4 13. Bxc4 Rb8 14. Rb5 c5 15. Be3 b6 16. Be2 Qc7 17. d5 Rfe8 18. c4 Bf4 19. Bxf4 Qxf4 20. Rb3 Bxf3 21. Rxf3 Qd6 22. Ra3 Ra8 23. Qd2 Re7 24. Re3 Rae8 25. Rxe7 Rxe7 26. Rb1 g6 27. Rb3 f5 28. Bf1 Kf7 29. a4 Qf6 30. a5 Qa1 31. Re3 Rxe3 32. Qxe3 Qe5 33. Qb3 Qc7 34. Qe3 Qd6 35. Qa3 bxa5 36. Qxa5 Qb6 37. Qa4 Nf6 38. g3 a5 39. Bg2 Ke7 40. Qa1 Qc7 41. Bf3 Kf7 42. Qe1 Qb6 43. Bd1 Ne4 44. Bc2 Qb4 45. Qf1 Ng5 46. Qe2 Qd2 47. Qxd2 Nf3+ 48. Kf1 Nxd2+ 49. Ke2 Nxc4 50. Kd3 Nb6 0-1


[Site "https://www.chess.com"]

[Event "Titled Tuesday Blitz August 31 2021"]
[White "Dronavalli, Harika"]
[Black "Korsunsky, Yuri"]
[WhiteFideId "5015197"]
[BlackFideId "14102722"]
[WhiteElo "2422"]
[BlackElo "2438"]
[Result "1-0"]
[Round "08"]
[TimeControl "180+1"]
[Date "2021.08.31"]
[WhiteClock "0:01:22"]
[BlackClock "0:00:41"]

1. Nf3 d5 2. c4 e6 3. g3 c5 4. Bg2 Nc6 5. O-O Nf6 6. b3 Be7 7. Bb2 O-O 8. e3 b6 9. Nc3 Bb7 10. cxd5 Nxd5 11. Nxd5 Qxd5 12. d4 Rfd8 13. Ne5 Qxg2+ 14. Kxg2 Nxe5+ 15. f3 cxd4 16. exd4 Nc6 17. Rf2 Bf6 18. Rd2 Rd5 19. Qe2 Rad8 20. Rad1 h5 21. h4 g6 22. a3 Rf5 23. Rd3 Ba6 24. d5 Rfxd5 25. Bxf6 Bxd3 26. Qe3 1-0


[Site "https://www.chess.com"]

[Event "Titled Tuesday Blitz August 31 2021"]
[White "Harutjunyan, Gevorg"]
[Black "Maghsoodloo, Parham"]
[WhiteFideId "13300873"]
[BlackFideId "12539929"]
[WhiteElo "2498"]
[BlackElo "2601"]
[Result "1-0"]
[Round "08"]
[TimeControl "180+1"]
[Date "2021.08.31"]
[WhiteClock "0:00:06"]
[BlackClock "0:00:02"]

1. e4 c5 2. Nc3 Nc6 3. Bb5 Nd4 4. Bc4 g6 5. Nf3 Bg7 6. Nxd4 cxd4 7. Qf3 e6 8. Nb5 Be5 9. c3 dxc3 10. dxc3 a6 11. Nd4 b5 12. Bd3 Bb7 13. a4 b4 14. O-O Qc7 15. g3 bxc3 16. bxc3 Qxc3 17. Rb1 Bxd4 18. Rxb7 Ne7 19. Bh6 Nc6 20. Rd1 Bg7 21. Rc1 Ne5 22. Qd1 Qxd3 23. Bxg7 Qxe4 24. Bxe5 Qxb7 25. Bxh8 Rc8 26. Bf6 Rxc1 27. Qxc1 d6 28. a5 Kd7 29. Qc2 h5 30. Qa4+ Qc6 31. Qxc6+ Kxc6 32. Kf1 e5 33. Ke2 Kd5 34. Kd3 Ke6 35. Bd8 d5 36. Kc3 Kd6 37. Bf6 Ke6 38. Bg7 g5 39. Kb4 Kd6 40. Bf8+ Kc6 41. Be7 g4 42. Bf6 Kd6 43. Bg7 f5 44. Bf6 Ke6 45. Bg7 Kd6 46. Bf8+ Kc6 47. Bc5 d4 48. Kc4 d3 49. Be3 e4 50. Bf4 Kd7 51. Kd5 Ke7 52. Ke5 1-0


[Site "https://www.chess.com"]

[Event "Titled Tuesday Blitz August 31 2021"]
[White "Holt, Conrad"]
[Black "Shimelkov, Vasiliy"]
[WhiteFideId "2034387"]
[BlackFideId "13701630"]
[WhiteElo "2586"]
[BlackElo "2073"]
[Result "1-0"]
[Round "08"]
[TimeControl "180+1"]
[Date "2021.08.31"]
[WhiteClock "0:00:07"]
[BlackClock "0:00:07"]

1. d4 d5 2. c4 e6 3. Nc3 Be7 4. cxd5 exd5 5. Bf4 Nf6 6. e3 O-O 7. Bd3 b6 8. Nf3 Bb7 9. O-O c5 10. Ne5 Na6 11. Rc1 Nc7 12. Qf3 Ne6 13. Rfd1 cxd4 14. exd4 Nxd4 15. Bxh7+ Nxh7 16. Rxd4 Bc5 17. Rdd1 Ng5 18. Bxg5 Qxg5 19. Nd7 Rfd8 20. Nxc5 bxc5 21. Na4 c4 22. b3 Bc6 23. Nc3 Rd6 24. Qg3 Qxg3 25. hxg3 cxb3 26. axb3 d4 27. Ne2 d3 28. Nf4 Bb5 29. Rc5 a6 30. f3 Rad8 31. Rd2 Rd4 32. Kf2 Rb4 33. Rc3 g5 34. Nh5 Kh7 35. g4 Kg6 36. Ng3 Re8 37. Nf5 Re2+ 38. Rxe2 dxe2 39. Ng3 Rd4 40. Nxe2 Rd2 41. Re3 f5 42. gxf5+ Kxf5 43. Ke1 Rb2 44. Nd4+ Kf4 45. Re4+ Kg3 46. Rg4+ Kh2 47. Nxb5 axb5 48. Rxg5 Rxb3 49. f4 b4 50. Kf2 Rc3 51. Rh5+ 1-0


[Site "https://www.chess.com"]

[Event "Titled Tuesday Blitz August 31 2021"]
[White "Hryshchenko, Kamila"]
[Black "Harshavardhan G B"]
[WhiteFideId "14147491"]
[BlackFideId "25059009"]
[WhiteElo "1936"]
[BlackElo "1825"]
[Result "1-0"]
[Round "08"]
[TimeControl "180+1"]
[Date "2021.08.31"]
[WhiteClock "0:00:05"]
[BlackClock "0:00:19"]

1. e4 e6 2. d4 d5 3. Nc3 Bb4 4. Bd2 Bxc3 5. Bxc3 dxe4 6. Qg4 Nf6 7. Qxg7 Rg8 8. Qh6 Nbd7 9. Ne2 Nd5 10. Qxh7 N7f6 11. Qh4 Bd7 12. O-O-O Bc6 13. Bd2 Nb6 14. Bg5 Qd5 15. Bxf6 Qxa2 16. Nc3 Qa1+ 17. Nb1 Bd5 18. Qh7 Rf8 19. Qh3 Ba2 20. Qa3 Nd5 21. Bg5 f6 22. Be3 f5 23. Bc4 f4 24. Qxa2 Qxa2 25. Bxa2 fxe3 26. Bxd5 exd5 27. fxe3 O-O-O 28. Rdf1 Rg8 29. g3 b6 30. Nd2 c5 31. c3 Rd6 32. Rf4 Rh6 33. g4 Rh3 34. Nf1 Kd7 35. Rg1 cxd4 36. cxd4 Ke6 37. g5 Rg6 38. Rg3 Rxg3 39. Nxg3 Rxg5 40. Kd2 Rg7 41. Rf8 Rh7 42. Rf2 a5 43. Ne2 b5 44. Nf4+ Kd6 45. h3 a4 46. Rg2 b4 47. Rg6+ Kd7 48. Ra6 Rh8 49. Rxa4 Rg8 50. Rxb4 Kc6 51. Ra4 Rg1 52. Ra6+ Kb5 53. Ra8 Rh1 54. Rd8 Kc4 55. b3+ Kxb3 56. Rxd5 Rh2+ 57. Ke1 Kb4 58. Rc5 Rb2 59. Kf1 Rb3 60. Ng2 Rb1+ 61. Kf2 Rb2+ 62. Kg3 Rb1 63. h4 Rh1 64. h5 Kb3 65. Nh4 Rg1+ 66. Kf4 Rh1 67. Kg5 Rg1+ 68. Kf6 Rg3 69. h6 Rxe3 70. h7 Rh3 71. h8=Q e3 72. Qb8+ 1-0


[Site "https://www.chess.com"]

[Event "Titled Tuesday Blitz August 31 2021"]
[White "Ibrahimli, Murad"]
[Black "Pires, Marcos Vinicius Torsani"]
[WhiteFideId "13410229"]
[BlackFideId "2118939"]
[WhiteElo "2109"]
[BlackElo "2273"]
[Result "0-1"]
[Round "08"]
[TimeControl "180+1"]
[Date "2021.08.31"]
[WhiteClock "0:00:14"]
[BlackClock "0:00:08"]

1. e4 c6 2. Nf3 d5 3. Nc3 Bg4 4. h3 Bxf3 5. Qxf3 Nf6 6. d3 e6 7. g3 Bb4 8. Bd2 d4 9. Nb1 Bxd2+ 10. Nxd2 O-O 11. Bg2 e5 12. Qe2 c5 13. O-O Nc6 14. a4 Ne8 15. f4 Nd6 16. f5 f6 17. g4 h6 18. h4 a6 19. Nf3 Nf7 20. Qd2 b5 21. axb5 axb5 22. Rxa8 Qxa8 23. g5 hxg5 24. hxg5 Nxg5 25. Nxg5 fxg5 26. Qxg5 Qd8 27. Qg4 Qf6 28. Rf3 Nb4 29. Rf2 Qh6 30. Qg3 Nc6 31. Bf1 Qe3 32. Qh4 Rf6 33. Kg2 Rh6 34. Qg4 Rf6 35. Rf3 Qd2+ 36. Kg1 Rh6 37. Qg3 Rf6 38. Rf2 Qe3 39. Qg4 Qh6 40. Rh2 Qf4 41. Qxf4 exf4 42. Rh4 f3 43. Rf4 Ne5 44. Kf2 Ra6 45. Bh3 Ra2 46. f6 gxf6 47. Rxf6 Rxb2 48. Kg3 Rxc2 49. Be6+ Kg7 50. Rf5 Nxd3 51. Rxf3 Ne5 52. Rf5 Nd3 53. Rf7+ Kg6 54. Rc7 c4 55. Bf5+ Kf6 56. Kg4 Rg2+ 57. Kf3 Rf2+ 58. Kg3 Rxf5 59. exf5 Kxf5 60. Rb7 b4 61. Rf7+ Ke4 62. Re7+ Ne5 63. Kh4 b3 64. Kg5 b2 65. Rb7 c3 66. Kf6 0-1


[Site "https://www.chess.com"]

[Event "Titled Tuesday Blitz August 31 2021"]
[White "Jarovinsky, Alexey"]
[Black "Mukhutdinov, Tigran"]
[WhiteFideId "14115131"]
[BlackFideId "34108570"]
[WhiteElo "2446"]
[BlackElo "2154"]
[Result "0-1"]
[Round "08"]
[TimeControl "180+1"]
[Date "2021.08.31"]
[WhiteClock "0:00:15"]
[BlackClock "0:00:56"]

1. Nc3 Nf6 2. e4 e5 3. f4 d5 4. fxe5 Nxe4 5. Qf3 Nxc3 6. dxc3 Be6 7. Qg3 c6 8. Nf3 Qb6 9. Nd4 Nd7 10. Bd3 Nc5 11. O-O Nxd3 12. Qxd3 c5 13. Nxe6 Qxe6 14. Bg5 h6 15. Bh4 c4 16. Qf3 Bc5+ 17. Kh1 O-O 18. Rae1 d4 19. Qxb7 Rab8 20. Qe4 dxc3 21. bxc3 Rbe8 22. h3 f5 23. Qe2 f4 24. Qe4 g5 25. Bf2 Bxf2 26. Rxf2 Rf5 27. Qd4 Rxe5 28. Rxe5 Qxe5 29. Qxc4+ Qe6 30. Qd4 Qe1+ 31. Kh2 Qe5 32. Re2 Qxe2 0-1


[Site "https://www.chess.com"]

[Event "Titled Tuesday Blitz August 31 2021"]
[White "Karas, Marek"]
[Black "Materia, Marco"]
[WhiteFideId "14928558"]
[BlackFideId "45150451"]
[WhiteElo "2264"]
[BlackElo "2655"]
[Result "0-1"]
[Round "08"]
[TimeControl "180+1"]
[Date "2021.08.31"]
[WhiteClock "0:00:49"]
[BlackClock "0:02:02"]

1. d4 Nf6 2. Nf3 e6 3. c4 d5 4. g3 Bb4+ 5. Bd2 Bd6 6. Bg2 O-O 7. O-O Nbd7 8. Qc2 c6 9. Nc3 dxc4 10. e4 e5 11. a4 exd4 12. Nxd4 Ne5 13. Rad1 Bg4 14. f3 Bc5 15. Be3 Nd3 16. Rxd3 cxd3 17. Qxd3 Bxd4 18. Qxd4 Qxd4 19. Bxd4 Be6 20. Re1 Rfd8 21. Be3 Rd3 22. Bf1 Rd7 23. Kf2 Ne8 24. a5 Nd6 25. Na4 Bc4 26. Nc5 Re7 27. Bf4 Rd8 28. Bxd6 Rxd6 29. Bxc4 b6 30. axb6 axb6 31. Nb3 g6 32. Be2 Kg7 33. Rd1 Rxd1 34. Bxd1 Ra7 35. Nc1 Ra1 36. Nd3 Rxd1 37. Ke2 Rh1 38. h4 c5 39. Ne5 Rb1 40. Nc4 b5 41. Nd6 Rxb2+ 0-1


[Site "https://www.chess.com"]

[Event "Titled Tuesday Blitz August 31 2021"]
[White "Karthikeyan, Murali"]
[Black "Firat, Burak"]
[WhiteFideId "5074452"]
[BlackFideId "6305881"]
[WhiteElo "2739"]
[BlackElo "2599"]
[Result "1-0"]
[Round "08"]
[TimeControl "180+1"]
[Date "2021.08.31"]
[WhiteClock "0:00:04"]
[BlackClock "0:00:05"]

1. Nf3 d5 2. g3 c6 3. Bg2 Nf6 4. h3 h6 5. g4 Nbd7 6. d4 e6 7. c4 Bd6 8. Nc3 a6 9. cxd5 exd5 10. Qc2 Nb6 11. Ne5 Qe7 12. Nd3 h5 13. g5 Nh7 14. h4 Bf5 15. Bd2 Nf8 16. O-O-O Ne6 17. e3 Nc4 18. Ne2 O-O 19. Ng3 Bxg3 20. fxg3 Rad8 21. Rdf1 Bg6 22. g4 hxg4 23. Qc3 Nxd2 24. Qxd2 Bxd3 25. Qxd3 c5 26. Kb1 c4 27. Qf5 Nc7 28. Re1 c3 29. Qxg4 Qb4 30. Re2 Nb5 31. b3 Na3+ 32. Kc1 c2 33. g6 fxg6 34. h5 g5 35. Qe6+ Rf7 36. Rf2 Rf8 37. Rxf7 Rxf7 38. Bxd5 Qc3 39. Qxf7+ Kh7 40. Qg6+ Kh8 41. Qe8+ Kh7 42. Bg8+ Kh6 43. Qg6# 1-0


[Site "https://www.chess.com"]

[Event "Titled Tuesday Blitz August 31 2021"]
[White "Khanin, Semen"]
[Black "Krysa, Leandro"]
[WhiteFideId "4111990"]
[BlackFideId "116807"]
[WhiteElo "2521"]
[BlackElo "2490"]
[Result "0-1"]
[Round "08"]
[TimeControl "180+1"]
[Date "2021.08.31"]
[WhiteClock "0:00:01"]
[BlackClock "0:00:24"]

1. e4 c5 2. c3 Nf6 3. e5 Nd5 4. Bc4 Nb6 5. Bb3 Nc6 6. Nf3 d6 7. exd6 Qxd6 8. O-O Bf5 9. Na3 e6 10. d4 Qd7 11. dxc5 Bxc5 12. Nb5 Qxd1 13. Rxd1 O-O 14. Nd6 Bxd6 15. Rxd6 Rfd8 16. Bf4 Rxd6 17. Bxd6 Rd8 18. Rd1 Bg4 19. Bc7 Rxd1+ 20. Bxd1 Nc4 21. b3 N4e5 22. Bxe5 Nxe5 23. Nxe5 Bxd1 24. f4 f6 25. Nd7 Kf7 26. Kf2 Ke7 27. Nc5 b6 28. Nd3 Kd6 29. Ke3 Bc2 30. c4 h5 31. b4 h4 32. a3 Ba4 33. Kd4 Bc6 34. g3 hxg3 35. hxg3 Bg2 36. c5+ bxc5+ 37. bxc5+ Kc6 38. a4 a5 39. Nb2 Bd5 40. Nd1 Bb3 41. Nc3 e5+ 42. fxe5 fxe5+ 43. Kxe5 Kxc5 44. g4 Kb4 45. Ne4 Bxa4 46. g5 Bc2 47. Nd6 a4 48. Kd4 a3 49. Nc4 a2 0-1


[Site "https://www.chess.com"]

[Event "Titled Tuesday Blitz August 31 2021"]
[White "Kobalia, Mikhail"]
[Black "Yeletsky, Ivan"]
[WhiteFideId "4119150"]
[BlackFideId "24180327"]
[WhiteElo "2569"]
[BlackElo "2344"]
[Result "1-0"]
[Round "08"]
[TimeControl "180+1"]
[Date "2021.08.31"]
[WhiteClock "0:01:57"]
[BlackClock "0:01:16"]

1. e4 e5 2. Nf3 Nc6 3. Bb5 a6 4. Ba4 Nf6 5. O-O d6 6. Re1 b5 7. Bb3 Bg4 8. c3 Be7 9. h3 Bh5 10. d3 O-O 11. Nbd2 Nd7 12. Nf1 Na5 13. Bc2 Rb8 14. b4 Nc6 15. Ng3 Bxf3 16. Qxf3 Bg5 17. Bb3 Bxc1 18. Rexc1 g6 19. a4 Kg7 20. axb5 axb5 21. Ra6 Rb6 22. Rca1 Qg5 23. Nf1 Rxa6 24. Rxa6 Ndb8 25. Ra1 Nd7 26. Ne3 Nb6 27. g3 Qe7 28. h4 Ra8 29. Rxa8 Nxa8 30. Bd5 Qd7 31. Ng4 Nb6 32. Qf6+ Kf8 33. Nh6 1-0


[Site "https://www.chess.com"]

[Event "Titled Tuesday Blitz August 31 2021"]
[White "Kollars, Dmitrij"]
[Black "Moroni, Luca Jr"]
[WhiteFideId "12909572"]
[BlackFideId "865834"]
[WhiteElo "2576"]
[BlackElo "2491"]
[Result "1/2-1/2"]
[Round "08"]
[TimeControl "180+1"]
[Date "2021.08.31"]
[WhiteClock "0:00:42"]
[BlackClock "0:00:23"]

1. e4 e5 2. Nf3 Nc6 3. Nc3 Nf6 4. d4 exd4 5. Nxd4 Bb4 6. Nxc6 bxc6 7. Bd3 d5 8. Bd2 O-O 9. O-O Bxc3 10. Bxc3 dxe4 11. Bxf6 Qxf6 12. Bxe4 Qxb2 13. Bxc6 Rb8 14. Rb1 Qxb1 15. Qxb1 Rxb1 16. Rxb1 Rd8 17. h3 Kf8 18. Rb3 Be6 19. Ra3 Rd1+ 20. Kh2 Rd2 21. Be4 f5 22. Rf3 Ke7 23. Bxf5 Bxf5 24. Rxf5 Rxc2 25. a4 c5 26. f4 a5 27. h4 Rc4 28. Kg3 g6 29. Re5+ Kd6 30. h5 Rxa4 31. hxg6 hxg6 32. Rg5 Ra1 33. Rxg6+ Kd7 34. Rg5 Kd6 35. Rg6+ Kd5 36. Rg5+ Kd6 37. Rg6+ 1/2-1/2


[Site "https://www.chess.com"]